 Dungeon Crawl Stone Soup version 0.24-a0-493-g7e4ddcd485 (webtiles) character file.

Game seed: 4404697789600706071

15177 Akello the Cleaver (level 12, -13/115 HPs)
             Began as a Hill Orc Fighter on July 12, 2019.
             Mangled by an orc warlord
             ... wielding a +0 bardiche of chopping
              (33 damage)
             ... on level 1 of the Orcish Mines.
             The game lasted 00:22:18 (13191 turns).

Akello the Cleaver (Hill Orc Fighter)              Turns: 13191, Time: 00:22:18

Health: -13/115    AC: 15    Str: 24    XL:     12   Next: 24%
Magic:  12/12      EV:  7    Int: 12    God:
Gold:   844        SH: 17    Dex: 10    Spells: 11/11 levels left

rFire    . . .     SeeInvis +   s - +4 war axe
rCold    . . .     Gourm    .   x - +0 large shield
rNeg     . . .     Faith    .   E - +5 ring mail of Insatiable Hunger {+Fly SInv}
rPois    .         Spirit   .   (helmet restricted)
rElec    .         Reflect  .   w - +0 cloak
rCorr    .         Harm     .   (no gloves)
MR       +....     Rnd*Rage +   i - +0 pair of boots
Stlth    ..........             r - amulet of magic regeneration
HPRegen  0.29/turn              h - +4 ring of intelligence (curse)
MPRegen  0.38/turn              j - ring of protection from magic

@: no status effects
A: horns 1, berserk 1
a: Evoke Flight


You were on level 1 of the Orcish Mines.
You were not hungry.

You visited 3 branches of the dungeon, and saw 14 of its levels.

You collected 844 gold pieces.

Inventory:

Hand Weapons
 a - a +1 war axe
 s - a +4 war axe (weapon)
Missiles
 F - 5 silver boomerangs (quivered)
Armour
 c - a +0 shield
 i - a +0 pair of boots (worn)
 p - a +0 plate armour
 w - a +0 cloak (worn)
 x - a +0 large shield (worn)
 E - the +5 ring mail of Insatiable Hunger (worn) {+Fly SInv}
   (You found it on level 9 of the Dungeon)

   It lets you see invisible.
   It lets you fly.
Jewellery
 b - an uncursed ring of ice
 h - a cursed +4 ring of intelligence (left hand)
 j - a ring of protection from magic (right hand)
 m - an uncursed ring of positive energy
 r - an amulet of magic regeneration (around neck)
 B - a cursed -2 ring of strength {unknown}
Wands
 g - a wand of disintegration (11)
 u - a wand of iceblast (14)
 v - a wand of clouds (4)
 D - a wand of digging (7)
Scrolls
 d - a scroll of enchant armour
 k - 3 scrolls of teleportation
 l - a scroll of fog
 o - 5 scrolls of identify
 q - a scroll of remove curse
 t - 4 scrolls of amnesia
 y - a scroll of magic mapping
 A - 2 scrolls of blinking
Potions
 e - a potion of brilliance
 n - a potion of curing
 z - a potion of haste
 C - a potion of flight
Comestibles
 f - 11 rations
 G - a chunk of flesh


   Skills:
 + Level 13.2 Fighting
 + Level 14.0 Axes
 + Level 9.8 Armour
 + Level 9.9 Shields


You had 11 spell levels left.
You didn't know any spells.
Your spell library contained the following spells:

 Spells                   Type           Power        Failure   Level  Hunger
 Flame Tongue             Conj/Fire      #....        98%         1    ##.....
 Summon Butterflies       Summ           #.......     98%         1    ##.....
 Song of Slaying          Chrm           #.......     99%         2    ###....
 Dazzling Spray           Conj/Hex       #.....       100%        3    ####...
 Recall                   Summ/Tloc      N/A          100%        3    ####...
 Fulminant Prism          Conj/Hex       #.........   100%        4    #####..
 Leda's Liquefaction      Hex/Erth       #.........   100%        4    #####..
 Bolt of Magma            Conj/Fire/Erth #.........   100%        5    ######.
 Venom Bolt               Conj/Pois      #.........   100%        5    ######.
 Iron Shot                Conj/Erth      #.........   100%        6    #######
 Statue Form              Tmut/Erth      #........    100%        6    #######
 Orb of Destruction       Conj           #.........   100%        7    #######
 Ring of Flames           Chrm/Fire      #.........   100%        7    #######
 Summon Hydra             Summ           #.........   100%        7    #######
 Shatter                  Erth           #.........   100%        9    #######


Dungeon Overview and Level Annotations

Branches:
Dungeon (11/15)            Temple (1/1) D:7             Orc (2/2) D:10
    Elf (0/3) Orc:2
   Lair: D:8-11

Altars:
Ashenzari
Cheibriados
Dithmenos
Elyvilon
Fedhas
Gozag
Hepliaklqana
Kikubaaqudgha
Makhleb
Nemelex Xobeh
Okawaru
Qazlal
Ru
Sif Muna
Trog
Uskayaw
Vehumet
Wu Jian
Xom
Yredelemnul
Zin
The Shining One

Shops:
D:4 =*   D:5 }   D:6 %


Innate Abilities, Weirdness & Mutations

You have a pair of small horns on your head.
You tend to lose your temper in combat.


Message History

You climb upwards.
There is a stone staircase leading down here.
You slice the orc!!
You kill the orc!
The orc warlord hits you from afar with a +0 bardiche of chopping!!
You block the orc warlord's attack.
Items here: )) [[ a +2 mace of crushing; a +0 ring mail; a +0 robe; a +1 dagger of draining You hit the orc warlord.
The orc warlord is lightly wounded.
You closely miss the orc warlord.
The orc warlord is lightly wounded.
The orc warlord hits you with a +0 bardiche of chopping!!
* * * LOW HITPOINT WARNING * * *
x2 You barely miss the orc warlord.
You headbutt the orc warlord.
The orc warlord is lightly wounded.
You slice the orc warlord!! You headbutt the orc warlord.
The orc warlord is moderately wounded.
The orc warlord hits you with a +0 bardiche of chopping!!
You die...

#####............##
##..........##....#
###.....#.#.####..###
#........#### ####
##....#..# #........#
###......## ##.o#...#
##@##.## #>#### ###


You could see an orc warlord.

Vanquished Creatures
  Josephine (D:10)
  Fannar (D:10)
  A two-headed ogre (D:9)
  An unseen horror (D:10)
  Pikel (D:4)
  An orc knight (Orc:2)
  2 orc sorcerers
  A cyclops (Orc:2)
  3 trolls
  A hippogriff (D:9)
  A wraith (D:10)
  A spriggan (D:7)
  A wyvern (D:9)
  10 yaks
  3 hungry ghosts (D:10)
  2 wargs (Orc:1)
  Menkaure (D:4)
  A two-headed ogre zombie (D:10)
  Duvessa (D:4)
  16 orc warriors
  An ice beast (D:10)
  2 black bears
  4 sky beasts
  13 ogres
  6 centaurs
  6 bullfrogs
  3 big kobolds
  Dowan (D:4)
  3 scorpions
  A troll zombie (D:10)
  5 wights (D:10)
  2 crimson imps
  A quasit (D:10)
  3 jellies
  20 orc wizards
  10 orc priests
  7 hounds
  Ijyb (D:5)
  2 iguanas
  13 worker ants
  A killer bee zombie (D:10)
  6 ogre zombies (D:10)
  A hound zombie (D:6)
  2 worker ant zombies
  A howler monkey skeleton (D:8)
  4 gnolls (D:10)
  11 adders
  A shadow imp (D:5)
  An adder skeleton (D:7)
  3 worms
  6 dart slugs
  5 leopard geckos
  43 orcs
  4 giant cockroaches
  6 goblins
  6 hobgoblins
  3 jackals (D:2)
  3 quokkas
  5 bats
  3 frilled lizards
  3 goblin skeletons (D:10)
  3 goblin zombies (D:10)
  2 hobgoblin zombies (D:10)
  17 kobolds
  A leopard gecko skeleton (D:6)
  4 orc skeletons (D:10)
  13 orc zombies (D:10)
  5 rats
317 creatures vanquished.

Vanquished Creatures (others)
  An orc (Orc:1)
1 creature vanquished.

Grand Total: 318 creatures vanquished

Notes
Turn   | Place    | Note
-------+----------+-------------------------------------------
     0 | D:1      | Akello the Hill Orc Fighter began the quest for the Orb.
     0 | D:1      | Reached XP level 1. HP: 19/19 MP: 1/1
    25 | D:1      | Reached skill level 3 in Axes
   163 | D:1      | Reached XP level 2. HP: 15/27 MP: 2/2
   617 | D:1      | Reached XP level 3. HP: 34/34 MP: 3/3
  1042 | D:2      | Reached skill level 4 in Axes
  1275 | D:2      | Found a burning altar of Makhleb.
  1275 | D:2      | Noticed a blizzard demon
  1278 | D:2      | Noticed a smoke demon
  1278 | D:2      | Noticed a hellwing
  1442 | D:2      | Reached XP level 4. HP: 34/41 MP: 4/4
  1546 | D:3      | Noticed an orc warrior
  1552 | D:2      | Reached skill level 5 in Fighting
  1850 | D:3      | Killed an orc warrior
  1850 | D:3      | Reached skill level 5 in Axes
  1850 | D:3      | Reached XP level 5. HP: 29/50 MP: 5/5
  2146 | D:3      | Found a sacrificial altar of Ru.
  2204 | D:3      | Found a snail-covered altar of Cheibriados.
  2340 | D:3      | Found a stormy altar of Qazlal.
  2646 | D:3      | Found a glowing golden altar of the Shining One.
  2713 | D:4      | Found an ancient bone altar of Kikubaaqudgha.
  2718 | D:4      | Noticed an ogre
  2730 | D:4      | Killed an ogre
  2730 | D:4      | Reached skill level 6 in Axes
  2730 | D:4      | Reached XP level 6. HP: 12/58 MP: 6/6
  2975 | D:4      | Gained mutation: You tend to lose your temper in combat.
                  | [potion of mutation]
  2975 | D:4      | Gained mutation: You have a pair of small horns on your
                  | head. [potion of mutation]
  3131 | D:4      | Found Dout's Desiderata Depot.
  3183 | D:4      | Found Taol's Jewellery Shop.
  3305 | D:4      | Found a shattered altar of Ashenzari.
  3305 | D:4      | Noticed Pikel
  3305 | D:4      | Noticed a slave
  3305 | D:4      | Noticed a slave
  3305 | D:4      | Noticed a slave
  3305 | D:4      | Noticed a slave
  3305 | D:4      | Noticed Menkaure
  3314 | D:4      | Killed Menkaure
  3314 | D:4      | Reached skill level 7 in Axes
  3314 | D:4      | Reached XP level 7. HP: 66/66 MP: 7/7
  3337 | D:4      | Killed Pikel
  3337 | D:4      | Reached skill level 8 in Axes
  3337 | D:4      | Reached XP level 8. HP: 75/75 MP: 8/8
  3381 | D:4      | Noticed Duvessa
  3385 | D:4      | Noticed Dowan
  3387 | D:4      | Killed Duvessa
  3387 | D:4      | Reached skill level 9 in Axes
  3399 | D:4      | Killed Dowan
  3886 | D:5      | Entered Level 5 of the Dungeon
  3886 | D:5      | Found Eroagum's Gadget Boutique.
  4264 | D:5      | Noticed Ijyb
  4268 | D:5      | Killed Ijyb
  4742 | D:6      | Reached skill level 10 in Axes
  4898 | D:6      | Reached XP level 9. HP: 72/85 MP: 9/9
  5005 | D:6      | Reached skill level 10 in Fighting
  5251 | D:6      | Found Ohocyrio's Food Emporium.
  5761 | D:7      | Found a staircase to the Ecumenical Temple.
  5772 | D:7      | Reached skill level 5 in Armour
  5772 | D:7      | Reached skill level 5 in Shields
  5776 | Temple   | Entered the Ecumenical Temple
  6132 | D:8      | Reached skill level 11 in Axes
  6521 | D:8      | Identified the Reference Book on Assistive Illusion
  6548 | D:8      | Reached XP level 10. HP: 89/94 MP: 10/10
  6629 | D:8      | Found a radiant altar of Vehumet.
  6629 | D:8      | Found a deep blue altar of Sif Muna.
  6681 | D:8      | Found a white marble altar of Elyvilon.
  7660 | D:9      | Identified the Grimoire of Venom and Damage Dealing
  7700 | D:9      | Noticed a two-headed ogre
  7806 | D:9      | Killed a two-headed ogre
  7806 | D:9      | Reached skill level 12 in Axes
  8417 | D:9      | Got a dazzling ring mail
  8418 | D:9      | Identified the +5 ring mail of Insatiable Hunger {+Fly
                  | SInv} (You found it on level 9 of the Dungeon)
  8509 | D:9      | You fall into a shaft and drop 2 floors!
  8512 | D:11     | Noticed an eight-headed hydra
  8544 | D:11     | Noticed Josephine
  8550 | D:10     | Entered Level 10 of the Dungeon
  8571 | D:10     | Killed Josephine
  8571 | D:10     | Reached XP level 11. HP: 7/104 MP: 11/11
  9014 | D:10     | Noticed an unseen horror
  9035 | D:10     | Killed an unseen horror
  9164 | D:10     | Found a staircase to the Orcish Mines.
  9486 | D:10     | Reached skill level 13 in Axes
  9610 | D:10     | Noticed Fannar
  9644 | D:10     | Killed Fannar
 10401 | Orc:1    | Entered Level 1 of the Orcish Mines
 10492 | Orc:1    | Noticed an orc sorcerer
 10506 | Orc:1    | Killed an orc sorcerer
 11004 | Orc:2    | Entered Level 2 of the Orcish Mines
 11006 | Orc:2    | Noticed a cyclops
 11288 | Orc:2    | Killed a cyclops
 11388 | Orc:2    | Found a staircase to the Elven Halls.
 11402 | Orc:2    | Noticed an orc sorcerer
 11414 | Orc:2    | Killed an orc sorcerer
 11414 | Orc:2    | Reached XP level 12. HP: 61/115 MP: 12/12
 12677 | Orc:2    | Noticed an orc warlord
 12681 | Orc:1    | Reached skill level 14 in Axes
 13191 | Orc:1    | Mangled by an orc warlord

Levels and vault maps discovered:
D:1:      dpeg_arrival_rooms_with_view, layout_loops_ring,
          hangedman_decor_clover_reticule, grunt_decor_mini_mirrors,
          minmay_hedge_maze
D:2:      layout_basic, makhleb_altar_promises_db, serial_park_tiny_1
D:3:      layout_rooms, cheibriados_altar_1, nicolae_overflow_hidden_temple,
          grunt_qazlal_clouds, serial_corexii_hall, corexii_hall_statues_x,
          corexii_hall_statues_s, nicolae_ru_sacrificial_ziggurat
D:4:      layout_loops_ring, cheibrodos_ashenzari_chains,
          overflow_temple_1_default, serial_shops, shop, first_ration,
          nicolae_alphabet_shops, uniq_pikel, uniq_menkaure, uniq_duvessa
D:5:      layout_basic, serial_shops, shop, uniq_ijyb
D:6:      layout_basic, serial_shops, kennysheep_mini, hex_intersection,
          kennysheep_generic_room_8
D:7:      layout_rooms, minmay_temple_entry_nine_rooms, the_bakery
D:8:      layout_cave_pods, gammafunk_temple_overflow_statue, elyvilon_altar_4
D:9:      layout_long_grid
D:10:     layout_loops_ring, zombieorc2_lemuel, uniq_fannar
D:11:     hangedman_cross_cluster, layout_basic, nicolae_zen_rock_garden,
          uniq_maurice, uniq_josephine
Temple:   nicolae_temple_figure_eight
Orc:1:    layout_diamond_mine
Orc:2:    st_orc_mages, layout_diamond_mine, uniq_rupert

Skill      XL: |  1  2  3  4  5  6  7  8  9 10 11 12 |
---------------+-------------------------------------+-----
Axes           | 3 4 5 6 7 8 10 11 12 13 14 | 14.0
Fighting       | 4 5 6 7 8 9 10 11 13 | 13.2
Armour         | 4 6 7 9 |  9.8
Shields        | 4 6 7 9 |  9.9

Action                   |  1- 3 |  4- 6 |  7- 9 | 10-12 || total
-------------------------+-------+-------+-------+-------++-------
Melee: War axe           |   100 |   118 |   344 |   602 ||  1164
       Headbutt          |       |     4 |    52 |   138 ||   194
Throw: Boomerang         |       |       |       |     9 ||     9
  Use: Scroll            |     4 |     4 |     4 |     5 ||    17
       Potion            |       |     4 |     5 |     7 ||    16
 Stab: Invisible         |       |       |     1 |       ||     1
  Eat: Chunk             |     1 |     7 |     4 |     8 ||    20
       Ration            |       |       |     2 |     5 ||     7
Armor: Scale mail        |    50 |     1 |       |       ||    51
       Skin              |       |    27 |    19 |    29 ||    75
       Plate armour      |       |    38 |   163 |    72 ||   273
       Ring mail         |       |       |       |   101 ||   101
Dodge: Dodged            |    37 |    13 |    36 |   117 ||   203
Block: Shield            |    56 |    67 |   148 |    60 ||   331
       Large shield      |       |       |       |   448 ||   448

Table legend:
 A = Non-vault XP
 B = Vault XP
 C = Vault XP percentage of total XP
 D = Non-vault monster count
 E = Vault monster count
 F = Vault count percentage of total count
                 A         B        C        D         E       F
            +---------+---------+-------+---------+---------+-------
      Total |   17325 |    4357 |  20.1 |     271 |      47 |  14.8
            +---------+---------+-------+---------+---------+-------
        D:1 |      36 |       6 |  14.3 |      18 |       2 |  10.0
        D:2 |      87 |       0 |   0.0 |      17 |       0 |   0.0
        D:3 |     188 |       0 |   0.0 |      13 |       0 |   0.0
        D:4 |     242 |    1019 |  80.8 |       9 |       4 |  30.8
        D:5 |     329 |      36 |   9.9 |      12 |       1 |   7.7
        D:6 |     825 |       1 |   0.1 |      24 |       1 |   4.0
        D:7 |     607 |     211 |  25.8 |      16 |       1 |   5.9
        D:8 |    1782 |       0 |   0.0 |      29 |       0 |   0.0
        D:9 |    3238 |       0 |   0.0 |      29 |       0 |   0.0
       D:10 |    3463 |    3084 |  47.1 |      45 |      38 |  45.8
      Orc:1 |    2913 |       0 |   0.0 |      29 |       0 |   0.0
      Orc:2 |    3615 |       0 |   0.0 |      30 |       0 |   0.0
            +---------+---------+-------+---------+---------+-------
